 Dungeon Crawl Stone Soup version 0.30-a0-4-ga7cffc901d (webtiles) character file.

Game seed: 13597975794490914291

368 porpoise the Shooter (level 7, -9/53 HPs)
             Began as a Formicid Arcane Marksman on Aug 21, 2022.
             Was an Initiate of Hepliaklqana.
             Mangled by Duvessa
             ... wielding a +0 short sword
              (10 damage)
             ... on level 4 of the Dungeon.
             The game lasted 00:16:19 (5127 turns).

porpoise the Shooter (Formicid Arcane Marksman)     Turns: 5127, Time: 00:16:21

Health: -9/53      AC:  6    Str: 18    XL:     7   Next: 1%
Magic:  4/8        EV: 13    Int: 13    God:    Hepliaklqana [......]
Gold:   154        SH:  0    Dex: 14    Spells: 7/8 levels left

rFire   + + .      SeeInvis +    a - +2 spear "Hareo" {vamp, Str+2}
rCold   . . .      Faith    .    (no shield)
rNeg    . . .      Spirit   .    f - +2 leather armour {rF+}
rPois   .          Reflect  .    (helmet unavailable)
rElec   .          Harm     .    p - +0 cloak
rCorr   .          Rampage  .    (no gloves)
Will    .....                    (no boots)
Stlth   +.........               (no amulet)
HPRegen 0.17/turn                i - +4 ring of evasion
MPRegen 0.11/turn                t - ring of protection from fire

@: grasped by roots, constricted
A: permanent stasis, dig shafts and tunnels, antennae 3, four strong arms
a: Dig, Shaft Self, Renounce Religion


You were on level 4 of the Dungeon.
You worshipped Hepliaklqana.
Hepliaklqana was noncommittal.
You visited 2 branches of the dungeon, and saw 5 of its levels.

You collected 180 gold pieces.
You spent 26 gold pieces at shops.

Inventory:

Hand Weapons
 a - the +2 spear "Hareo" (weapon) {vamp, Str+2}
   (You found it on level 3 of the Dungeon)

   It occasionally heals its wielder for a portion of the damage dealt when it
   wounds a living foe.
   Str:       It affects your strength (+2).
 b - a +1 sling
 s - a +1 short sword of electrocution
Missiles
 h - 16 poisoned darts
 n - 5 silver javelins
 u - 3 javelins
Armour
 f - a +2 leather armour of fire resistance (worn)
 j - an orb of guile
 p - a +0 cloak (worn)
Jewellery
 i - a +4 ring of evasion (left hand)
 t - a ring of protection from fire (right hand)
Wands
 l - a wand of flame (9)
Scrolls
 d - 2 scrolls of identify
 e - 4 scrolls of poison
 k - a scroll of noise {unknown}
 q - 2 scrolls of enchant weapon {unknown}
 r - a scroll of fog {unknown}
Potions
 c - a potion of flight
 g - 2 potions of attraction
 m - 2 potions of heal wounds
 o - a potion of magic


   Skills:
 + Level 3.8 Fighting
 - Level 2.0 Short Blades
 * Level 5.4 Ranged Weapons
 - Level 1.7 Dodging
 - Level 1.1 Spellcasting
 - Level 3.6 Hexes


You had 7 spell levels left.
You knew the following spells:

 Your Spells              Type           Power      Damage    Failure   Level
a - Slow                  Hex            40%        N/A       8%          1

Your spell library contained the following spells:

 Spells                   Type           Power      Damage    Failure   Level
 Dazzling Flash           Conj/Hex       10%        N/A       43%         3
 Inner Flame              Hex/Fire       5%         N/A       43%         3
 Portal Projectile        Hex/Tloc       10%        N/A       43%         3
 Cause Fear               Hex            5%         N/A       58%         4
 Call Canine Familiar     Summ           0%         N/A       69%         3
 Leda's Liquefaction      Hex/Erth       2%         N/A       83%         4
 Silence                  Hex/Air        2%         N/A       99%         5
 Agony                    Necr           0%         N/A       100%        5
 Manifold Assault         Tloc           0%         N/A       100%        5
 Storm Form               Tmut/Air       0%         N/A       100%        7
 Blink                    Tloc           Unusable   N/A       N/A         2

Dungeon Overview and Level Annotations

Branches:
Dungeon (4/15)             Temple (1/1) D:4

Altars:
Ashenzari
Cheibriados
Elyvilon
Fedhas
Gozag
Hepliaklqana
Kikubaaqudgha
Makhleb
Nemelex Xobeh
Okawaru
Qazlal
Ru
Sif Muna
Uskayaw
Vehumet
Yredelemnul
The Shining One

Shops:
D:1 !

Annotations:
D:4 Dowan, Duvessa


Innate Abilities, Weirdness & Mutations

You cannot be hasted, slowed, berserked, paralysed or teleported.
You can dig through walls and to a lower floor.
You have a pair of large antennae on your head. (SInv)
Your four strong arms can wield two-handed weapons with a shield.


Message History

Unknown command.
Unknown command.
You retract your mandibles.
You closely miss Duvessa.
Duvessa is lightly wounded.
You feel sick.
Dowan gestures wildly while chanting.
Dowan blinks!
Duvessa misses you.
You hit Duvessa.
Duvessa is lightly wounded.
You feel sick. Duvessa hits you with a +0 short sword!
You closely miss Duvessa.
Duvessa is lightly wounded.
You feel sick. Duvessa completely misses you.
You puncture Duvessa!
You feel better.
Duvessa is moderately wounded.
You feel sick.
Dowan gestures at Duvessa while chanting.
Duvessa seems to speed up.
Duvessa hits you with a +0 short sword.
You closely miss Duvessa.
Duvessa is moderately wounded.
You feel sick. Duvessa hits you but does no damage.
Dowan's robes are whipped around by a magical breeze.
Duvessa hits you with a +0 short sword.
You hit Duvessa but do no damage.
Duvessa is moderately wounded.
You feel sick.
You are no longer poisoned.
Duvessa barely misses you.
Dowan zaps a wand.
The roots erupt in riotous growth!
The grasping roots grab you!
Duvessa is unaffected.
The grasping roots constrict you.
* * * LOW HITPOINT WARNING * * *
You closely miss Duvessa.
Duvessa is moderately wounded.
Duvessa hits you with a +0 short sword!
* * * LOW HITPOINT WARNING * * *
The grasping roots constrict you.
* * * LOW HITPOINT WARNING * * *
Duvessa hits you with a +0 short sword!
You die...

###...#....## ##..............
####....## #............... ##
###..# #..............<
.########.##### #...............
......####.#..# #...............
..............# ##..............
...............###...............
..............e.#................
................@...............#
...............e................#
..####.............##+##...##...#
..# ##.............#SS~#..###..##
.# #..............#S~~#..# #..##
##..............#~.~#.## #....
#.......<.......#~~~#.# ##....
##...............#~~~#.###..###
#................#####.#...####


You could see Duvessa (fast), Dowan and 3 adders.

Vanquished Creatures
  2 scorpions
  Ijyb (D:3)
  4 orc wizards
  2 adders
  An ufetubus (D:4)
  A worm (D:2)
  2 dart slugs
  12 orcs
  2 bats (D:1)
  8 endoplasms
  4 giant cockroaches
  7 goblins
  10 hobgoblins
  4 jackals (D:1)
  6 kobolds
  4 quokkas
  2 ball pythons
  3 frilled lizards (D:1)
  A rat (D:1)
76 creatures vanquished.

Notes
Turn   | Place    | Note
-------+----------+-------------------------------------------
     0 | D:1      | porpoise the Formicid Arcane Marksman began the quest for
                  | the Orb.
     0 | D:1      | Reached XP level 1. HP: 15/15 MP: 2/2
   299 | D:1      | Reached XP level 2. HP: 14/21 MP: 3/3
  1250 | D:1      | Reached XP level 3. HP: 26/27 MP: 4/4
  1256 | D:1      | Reached skill level 3 in Ranged Weapons
  1468 | D:1      | Found a faded altar of an unknown god.
  1664 | D:1      | Found Neoxeomo's Distillery.
  1672 | D:1      | Bought 2 potions of degeneration for 26 gold pieces
  2476 | D:2      | You fall into a shaft and drop 2 floors!
  2560 | D:3      | Found a basalt altar of Yredelemnul.
  2640 | D:3      | Found a radiant altar of Vehumet.
  2647 | D:3      | Reached XP level 4. HP: 33/33 MP: 5/5
  2875 | D:3      | Reached skill level 4 in Ranged Weapons
  2924 | D:3      | Noticed Ijyb
  2944 | D:3      | Killed Ijyb
  2945 | D:3      | Reached XP level 5. HP: 33/40 MP: 6/6
  3004 | D:3      | Found a broken altar of Ashenzari.
  3245 | D:3      | Reached skill level 1 in Short Blades
  3462 | D:3      | Identified the +2 spear "Hareo" {vamp, Str+2}
  3514 | D:2      | Reached XP level 6. HP: 24/47 MP: 7/7
  3816 | D:2      | Found a radiant altar of Vehumet.
  4280 | D:4      | Noticed Duvessa
  4280 | D:4      | Noticed Dowan
  4650 | D:4      | Found a staircase to the Ecumenical Temple.
  4679 | Temple   | Entered the Ecumenical Temple
  4731 | Temple   | Became a worshipper of Hepliaklqana the Forgotten
  4755 | D:4      | Reached skill level 5 in Ranged Weapons
  4892 | D:4      | Reached XP level 7. HP: 53/53 MP: 8/8
  5127 | D:4      | HP: 1/53 [constriction (2)]
  5127 | D:4      | Mangled by Duvessa

Illustrated notes

Levels and vault maps discovered:
D:1:      lemuel_arrival_lava_pool, layout_rooms,
          shapermc_ecumenical_altar_petra, serial_shops, nicolae_shop_stone,
          roderic_roman_lattice, st_stairs_12, minmay_quantized
D:2:      wander_river, layout_basic, basic_altar
D:3:      layout_basic, mainiacjoe_overflow_brackets,
          mainiacjoe_overflow_small_starburst, evilmike_ruin_ashenzari,
          serial_corexii_hall, chequers_hall_statues_wall_a,
          corexii_hall_statues_l, uniq_ijyb
D:4:      layout_cave_pods, mainiacjoe_overflow_alcove_2, temple_pool_b,
          gup_sewer_entry_glass, uniq_duvessa
Temple:   nicolae_temple_ecumenical_triangle

Skill      XL: |  1  2  3  4  5  6 |
---------------+-------------------+-----
Ranged Weapons | 3 4 5 |  5.4
Fighting       | 2 3 |  3.8
Short Blades   | 1 2 |  2.0
Dodging        | |  1.7
Spellcasting   | |  1.1
Hexes          | |  3.6

Action                   |  1- 3 |  4- 6 |  7- 9 || total
-------------------------+-------+-------+-------++-------
Melee: Unarmed           |     6 |       |       ||     6
       Short sword       |    29 |    29 |       ||    58
       Spear             |       |    83 |     7 ||    90
       Punch             |       |     1 |       ||     1
 Fire: Sling             |    83 |    35 |    12 ||   130
 Cast: Slow              |       |       |     5 ||     5
 Abil: Dig               |       |       |     1 ||     1
Evoke: Wand              |       |     3 |       ||     3
  Use: Scroll            |     2 |     3 |       ||     5
       Potion            |       |     1 |       ||     1
 Stab: Confused          |       |     1 |       ||     1
Armor: Robe              |    19 |       |       ||    19
       Leather armour    |    20 |    33 |     4 ||    57
Dodge: Dodged            |    67 |    80 |     8 ||   155

Table legend: (Time is in decaauts)
 A = Elapsed time spent in this place.
 B = Non-inter-level travel time spent in this place.
 C = Inter-level travel time spent in this place.
 D = Time resting spent in this place.
 E = Time spent auto-exploring this place.
 F = Levels seen in this place.
 G = Mean time per level.
                   A        B        C        D        E       F      G
               +--------+--------+--------+--------+--------+-----+--------+
         Total |   5186 |   4895 |    291 |   1738 |   2338 |   5 | 1037.2 |
       Dungeon |   5128 |   4842 |    286 |   1738 |   2320 |   4 | 1282.0 |
        Temple |     57 |     52 |      5 |      0 |     18 |   1 |   57.0 |
               +--------+--------+--------+--------+--------+-----+--------+

Top non-repeatable levels by time:
     D:1: 1928 daAuts
     D:3: 1352 daAuts
     D:2: 1199 daAuts
     D:4: 649 daAuts
  Temple: 57 daAuts
